 Dungeon Crawl Stone Soup version 0.23.2-40-g277498a001 (webtiles) character file.

Game seed: 4222244766719135486

50 MalarOregon the Ducker (level 3, 0/28 HPs)
             Began as a Merfolk Skald on Aug 13, 2019.
             Slain by an adder (2 damage)
             ... on level 2 of the Dungeon.
             The game lasted 00:01:11 (1117 turns).

MalarOregon the Ducker (Merfolk Skald)              Turns: 1117, Time: 00:01:12

Health: 0/28       AC: 10    Str: 12    XL:     3   Next: 79%
Magic:  6/6        EV:  9    Int: 12    God:
Gold:   11         SH:  0    Dex: 18    Spells: 5/6 levels left

rFire    + . .     SeeInvis .   a - +0 falchion
rCold    + . .     Gourm    .   (no shield)
rNeg     . . .     Faith    .   f - +0 plate armour
rPois    +         Spirit   .   (no helmet)
rElec    +         Reflect  .   (no cloak)
rCorr    +         Harm     .   (no gloves)
MR       .....                  (no boots)
Stlth    ..........             (no amulet)
HPRegen  0.09/turn              (no ring)
MPRegen  0.10/turn              (no ring)

@: agile, lethally poisoned (0 -> -11), resistant, very slightly contaminated,
invisible
A: change form in water, swift swim, stealthy swim
a: no special abilities


You were on level 2 of the Dungeon.
You were not hungry.

You visited 1 branch of the dungeon, and saw 2 of its levels.

You collected 11 gold pieces.

Inventory:

Hand Weapons
 a - a +0 falchion (weapon)
Armour
 f - a +0 plate armour (worn)
   (You found it on level 1 of the Dungeon)
Jewellery
 k - an uncursed ring of fire
   (You found it on level 1 of the Dungeon)
Scrolls
 b - 2 scrolls of identify {unknown}
 i - a scroll of fear {unknown}
 j - 2 scrolls of remove curse {unknown}
Potions
 c - a potion of agility
 d - a potion of curing {unknown}
 g - a potion of flight {unknown}
 l - a potion of mutation {unknown}
Comestibles
 e - 3 rations {!d}


   Skills:
 + Level 2.9 Fighting
 + Level 2.9 Long Blades
 + Level 1.3 Armour
 + Level 3.5 Dodging
 - Level 2.0 Spellcasting
 - Level 3.2 Charms


You had 5 spell levels left.
You knew the following spells:

 Your Spells              Type           Power        Failure   Level  Hunger
a - Infusion              Chrm           #...         100%        1    ##.....

Your spell library contained the following spells:

 Spells                   Type           Power        Failure   Level  Hunger
 Shroud of Golubria       Chrm/Tloc      #.........   100%        2    ###....
 Song of Slaying          Chrm           #.......     100%        2    ###....
 Regeneration             Chrm/Necr      #.........   100%        3    ####...
 Spectral Weapon          Hex/Chrm       #.......     100%        3    ####...


Dungeon Overview and Level Annotations

Branches:
Dungeon (2/15)

Altars:


Message History

An adder comes into view.
The adder hisses angrily.
The adder bites you.
You are poisoned.
The adder poisons you!
You miss the adder.
You feel sick. The adder bites you but does no damage.
Your plate armour prevents you from hitting the adder.
The adder bites you.
You are more poisoned.
The adder poisons you! The adder completely misses you.
You miss the adder.
You feel sick. The adder bites you but does no damage.
Your plate armour prevents you from hitting the adder.
You feel sick. The adder bites you but does no damage. The adder bites you.
You are more poisoned.
The adder poisons you!
You hit the adder.
You feel sick. The adder bites you but does no damage.
You hit the adder.
The adder bites you but does no damage. x2
You closely miss the adder.
You feel sick. The adder bites you.
You closely miss the adder.
You feel sick. The adder bites you but does no damage. The adder bites you.
* * * LOW HITPOINT WARNING * * *
You are lethally poisoned!
The adder poisons you!
You miss the adder.
* * * LOW HITPOINT WARNING * * *
You feel sick. The adder bites you.
* * * LOW HITPOINT WARNING * * *
You are more poisoned.
The adder poisons you!
It was a potion of agility.
You feel agile all of a sudden.
* * * LOW HITPOINT WARNING * * *
You feel sick. The adder barely misses you.
It was a potion of invisibility.
You fade into invisibility!
* * * LOW HITPOINT WARNING * * *
You feel sick.
The adder barely misses you. x2; You riposte.
You closely miss the adder.
You are very lightly contaminated with residual magic.
You strike the helpless adder from behind!
You hit the adder.
* * * LOW HITPOINT WARNING * * *
You feel sick. The adder barely misses you.
You riposte.
You catch the helpless adder completely off-guard!
You hit the adder.
It was a potion of resistance.
You feel protected.
* * * LOW HITPOINT WARNING * * *
You feel sick. The adder bites you.
You die...

### ..# #.# #.# #.#
####.####..#
#..S........ ... .#
##.##@# #.......
#...#.#
#.##.##.##...#.#
#.##.##........#
#.##.##........#
#..............#
#.......##..)#######.
#.......##...........
#............#######.


You could see an adder.

Vanquished Creatures
  A worker ant (D:2)
  3 dart slugs (D:1)
  2 giant cockroaches
  A goblin (D:1)
  A hobgoblin (D:1)
  4 jackals (D:1)
  A quokka (D:2)
  2 bats
  5 kobolds
20 creatures vanquished.

Notes
Turn   | Place    | Note
-------+----------+-------------------------------------------
     0 | D:1      | MalarOregon the Merfolk Skald began the quest for the Orb.
     0 | D:1      | Reached XP level 1. HP: 16/16 MP: 3/3
   206 | D:1      | Reached XP level 2. HP: 23/23 MP: 5/5
   215 | D:1      | Reached skill level 1 in Armour
   767 | D:2      | Reached XP level 3. HP: 19/28 MP: 6/6
  1117 | D:2      | Slain by an adder

Skill      XL: |  1  2 |
---------------+-------+-----
Dodging        | 3 |  3.5
Armour         | 1 |  1.3
Fighting       | |  2.9
Long Blades    | |  2.9
Spellcasting   | |  2.0
Charms         | |  3.2

Action                   || total
-------------------------++-------
Melee: Falchion          ||   152
  Use: Potion            ||     3
 Stab: Sleeping          ||     1
       Invisible         ||     2
  Eat: Chunk             ||     1
Armor: Plate armour      ||   151
Dodge: Dodged            ||    27
       Rpst.: Falchion   ||    10
